 Dungeon Crawl Stone Soup version 0.23.2-33-g5129a83184 (webtiles) character file.

Game seed: 1384312648442300209

11455 Lauz the Basher (level 11, -4/67 HPs)
             Began as a Gargoyle Fighter on July 9, 2019.
             Was an Elder of Vehumet.
             Slain by a killer bee (6 damage)
             ... on level 12 of the Dungeon.
             The game lasted 00:49:47 (16176 turns).

Lauz the Basher (Gargoyle Fighter)                 Turns: 16176, Time: 00:49:48

Health: -4/67      AC: 18    Str: 30    XL:     11   Next: 78%
Magic:  18/20      EV: 12    Int: 12    God:    Vehumet [****..]
Gold:   708        SH: 13    Dex:  9    Spells: 18/22 levels left

rFire    x . .     SeeInvis .   a - +0 flail
rCold    + . .     Gourm    .   c - +1 shield
rNeg     + . .     Faith    .   s - +3 leather armour
rPois    ∞         Spirit   .   v - +0 helmet
rElec    +         Reflect  .   H - +0 cloak
rCorr    .         Harm     .   (no gloves)
MR       .....                  E - +0 pair of boots
Stlth    +.........             (no amulet)
HPRegen  0.21/turn              M - ring of ice
MPRegen  0.17/turn              G - +5 ring of strength

@: mighty, very slightly contaminated
A: negative energy resistance 1, electricity resistance, unbreathing,
petrification resistance, rot immunity, AC +8
a: Renounce Religion


You were on level 12 of the Dungeon.
You worshipped Vehumet.
Vehumet was greatly pleased with you.
You were hungry.

You visited 2 branches of the dungeon, and saw 13 of its levels.

You collected 708 gold pieces.

Inventory:

Hand Weapons
 a - a +0 flail (weapon)
 I - a +0 morningstar
Armour
 b - a +0 scale mail
 c - a +1 shield (worn)
 s - a +3 leather armour (worn)
 v - a +0 helmet (worn)
 E - a +0 pair of boots (worn)
 H - a +0 cloak (worn)
 J - a +0 plate armour
 S - a +1 large shield of reflection
Jewellery
 n - an uncursed ring of magical power
 t - an uncursed ring of protection from magic
 C - an uncursed ring of protection from fire
 G - a +5 ring of strength (right hand)
 K - an uncursed ring of wizardry
 M - a ring of ice (left hand)
 U - a +2 ring of evasion {unknown}
Wands
 i - a wand of iceblast (17)
 r - a wand of random effects (10)
 w - a wand of acid (6)
 N - a wand of disintegration (9)
 Q - a wand of flame (22)
Scrolls
 e - a scroll of enchant weapon {unknown}
 k - a scroll of magic mapping
 l - 6 scrolls of remove curse
 p - 2 scrolls of identify
 y - a scroll of fog {unknown}
 D - a scroll of random uselessness {unknown}
 L - 2 scrolls of enchant armour
 P - a scroll of brand weapon {unknown}
 R - a scroll of amnesia {unknown}
 T - a scroll of silence {unknown}
Potions
 g - 4 potions of lignification {unknown}
 h - 3 potions of flight {unknown}
 j - 5 potions of curing {unknown}
 m - 5 potions of agility
 o - a potion of brilliance {unknown}
 q - a potion of mutation {unknown}
 u - a potion of invisibility {unknown}
 x - 4 potions of heal wounds {unknown}
 z - 4 potions of degeneration {unknown}
 A - a potion of berserk rage {unknown}
 B - a potion of haste {unknown}
 O - a potion of resistance {unknown}
Comestibles
 f - 17 rations


   Skills:
 + Level 7.2 Fighting
 + Level 9.5 Maces & Flails
 * Level 6.7 Armour
 + Level 5.2 Dodging
 + Level 9.2 Shields
 * Level 6.3 Spellcasting
 * Level 4.8 Conjurations
 * Level 4.7 Earth Magic
 - Level 0.9 Poison Magic
 + Level 0.2 Evocations


You had 18 spell levels left.
You knew the following spells:

 Your Spells              Type           Power        Failure   Level  Hunger
a - Sting                 Conj/Pois      ##..         3%          1    None
b - Stone Arrow           Conj/Erth      ###...       4%          3    ###....

Your spell library contained the following spells:

 Spells                   Type           Power        Failure   Level  Hunger
 Inner Flame              Hex/Fire       #.......     30%         3    ###....
 Infusion                 Chrm           #...         38%         1    None
 Shroud of Golubria       Chrm/Tloc      #.........   52%         2    ##.....
 Song of Slaying          Chrm           #.......     52%         2    ##.....
 Regeneration             Chrm/Necr      #.........   77%         3    ###....
 Spectral Weapon          Hex/Chrm       #.......     77%         3    ###....
 Yara's Violent Unravell  Hex/Tmut       #.........   93%         5    ######.
 Cause Fear               Hex            #.........   99%         4    ####...
 Silence                  Hex/Air        #.........   100%        5    ######.
 Deflect Missiles         Chrm/Air       #.........   100%        6    #######
 Discord                  Hex            #.........   100%        8    #######


Dungeon Overview and Level Annotations

Branches:
Dungeon (12/15)            Temple (0/1) D:6            Lair (1/6) D:11
    Orc: D:9-12

Altars:
Ashenzari
Elyvilon
Fedhas
Gozag
Makhleb
Nemelex Xobeh
Okawaru
Vehumet
Wu Jian
Xom
Yredelemnul
The Shining One

Shops:
D:6 }   D:9 :

Annotations:
D:11 exclusion: ice statue


Innate Abilities, Weirdness & Mutations

You are resistant to torment.
Your stone body is resilient. (AC +8)
You are immune to poison.
You resist negative energy. (rN+)
You are resistant to electric shocks. (rElec)
You can survive without breathing.
You are immune to petrification.
You are immune to rotting.


Message History

There is a stone staircase leading down here.
You climb downwards.
Found a morningstar.
There is a stone staircase leading up here.
You feel very mighty all of a sudden. The killer bee barely misses you.
The killer bee stings you but does no damage.
You barely miss the killer bee.
The killer bee stings you but does no damage. x2
Your shield and leather armour prevent you from hitting the killer bee.
You block the killer bee's attack.
The killer bee stings you but does no damage.
You barely miss the killer bee. You block the killer bee's attack.
The killer bee stings you but does no damage.
You block the killer bee's attack.
You barely miss the killer bee. You block the killer bee's attack.
The killer bee stings you.
* * * LOW HITPOINT WARNING * * *
You closely miss the killer bee. The killer bee stings you.
You die...

##
###.
## #..
..
#y#.##
#@.).#
#.#..#
... .#
####.
# .# #


You could see a killer bee.

Vanquished Creatures
  Erica (D:10)
  A two-headed ogre (D:11)
  Pikel (D:9)
  An ugly thing (D:11)
  A cyclops (D:7)
  Joseph (D:8)
  Psyche (D:10)
  Prince Ribbit (D:9)
  A spriggan (D:7)
  A wyvern (D:8)
  3 yaks (D:11)
  2 humans
  4 hungry ghosts
  The ghost of Statics the Ducker, an amateur OpFi (D:3)
  6 porcupines (D:11)
  4 sky beasts
  2 ice beasts
  2 orc warriors
  2 black bears
  3 phantoms
  8 ogres
  A wolf (Lair:1)
  7 centaurs
  A crocodile (D:7)
  Blork the orc (D:4)
  5 bullfrogs
  6 scorpions
  A water moccasin zombie (D:7)
  18 killer bees
  3 wights
  2 howler monkeys
  3 crimson imps
  A quasit (D:5)
  A bullfrog skeleton (D:8)
  2 gnoll shamans (D:2)
  6 hounds
  10 orc wizards
  4 orc priests
  4 iguanas
  Ijyb (D:3)
  7 worker ants
  4 hound skeletons
  Robin (D:4)
  34 gnolls
  A worker ant zombie (D:5)
  A howler monkey skeleton (D:8)
  9 adders
  4 shadow imps
  2 oozes
  2 adder zombies (D:6)
  An adder skeleton (D:9)
  3 worms
  2 dart slugs
  7 leopard geckos
  32 orcs
  5 bats
  6 giant cockroaches
  11 goblins
  10 hobgoblins
  26 jackals
  4 quokkas
  2 ball pythons
  7 frilled lizards
  A jackal skeleton (D:5)
  12 kobolds
  A leopard gecko skeleton (D:8)
  7 rats
326 creatures vanquished.

Vanquished Creatures (others)
  A worker ant (D:9)
  2 leopard geckos (D:9)
  49 fungi (D:11)
  23 plants (D:11)
75 creatures vanquished.

Grand Total: 401 creatures vanquished

Notes
Turn   | Place    | Note
-------+----------+-------------------------------------------
     0 | D:1      | Lauz the Gargoyle Fighter began the quest for the Orb.
     0 | D:1      | Reached XP level 1. HP: 14/14 MP: 1/1
   157 | D:1      | Reached XP level 2. HP: 19/19 MP: 2/2
   555 | D:2      | Reached XP level 3. HP: 10/23 MP: 3/3
   855 | D:2      | Reached XP level 4. HP: 23/29 MP: 4/4
  1113 | D:2      | Found a burning altar of Makhleb.
  1166 | D:2      | Reached skill level 1 in Dodging
  1166 | D:2      | Reached XP level 5. HP: 29/33 MP: 5/5
  1284 | D:2      | Found an ornate altar of the Wu Jian Council.
  1289 | D:2      | Found a glowing golden altar of the Shining One.
  1811 | D:3      | Found a runed translucent door.
  1855 | D:3      | Noticed Statics's ghost (amateur OpFi)
  1947 | D:3      | Noticed Ijyb
  1969 | D:3      | Killed Ijyb
  1970 | D:3      | Found a faded altar of an unknown god.
  1977 | D:3      | Found a blossoming altar of Fedhas.
  2663 | D:3      | Reached XP level 6. HP: 37/38 MP: 6/6
  2786 | D:3      | Killed Statics's ghost
  2924 | D:2      | Reached skill level 5 in Shields
  2924 | D:2      | Reached XP level 7. HP: 38/43 MP: 7/7
  3077 | D:3      | Found a shattered altar of Ashenzari.
  3078 | D:3      | Found a radiant altar of Vehumet.
  3083 | D:3      | Became a worshipper of Vehumet
  3112 | D:2      | Reached skill level 5 in Maces & Flails
  4169 | D:3      | Reached * piety under Vehumet
  4169 | D:3      | Offered knowledge of Sting by Vehumet.
  4224 | D:3      | Learned a level 1 spell: Sting
  4382 | D:4      | Noticed Blork the orc
  4422 | D:3      | Reached XP level 8. HP: 48/48 MP: 8/8
  4687 | D:4      | Killed Blork the orc
  4687 | D:4      | Reached skill level 1 in Spellcasting
  4787 | D:4      | Noticed Robin
  4833 | D:4      | Killed Robin
  5125 | D:4      | HP: 2/48 [orc priest/divine providence (15)]
  5467 | D:4      | Found an opulent altar of Gozag.
  5821 | D:4      | Reached ** piety under Vehumet
  5821 | D:4      | Offered knowledge of Throw Frost by Vehumet.
  5956 | D:5      | Entered Level 5 of the Dungeon
  6266 | D:5      | Reached skill level 5 in Fighting
  6551 | D:5      | Reached XP level 9. HP: 38/54 MP: 12/12
  6859 | D:5      | Found a shimmering altar of Xom.
  6861 | D:5      | Found a burning altar of Makhleb.
  6861 | D:5      | Found a glowing golden altar of the Shining One.
  6863 | D:5      | Found a shadowy altar of Dithmenos.
  6863 | D:5      | Found a shimmering altar of Xom.
  6863 | D:5      | Found a shattered altar of Ashenzari.
  6954 | D:5      | Found a white marble altar of Elyvilon.
  7068 | D:5      | Found a basalt altar of Yredelemnul.
  7287 | D:6      | Found a staircase to the Ecumenical Temple.
  7422 | D:6      | Found Gomelavaa's Gadget Shoppe.
  7864 | D:6      | Found a burning altar of Makhleb.
  9133 | D:7      | Offered knowledge of Stone Arrow by Vehumet.
  9381 | D:7      | Noticed a cyclops
  9400 | D:7      | Killed a cyclops
  9400 | D:7      | Reached skill level 5 in Armour
  9400 | D:7      | Reached XP level 10. HP: 54/60 MP: 16/16
 10919 | D:7      | Reached *** piety under Vehumet
 11014 | D:7      | Learned a level 3 spell: Stone Arrow
 11354 | D:7      | Reached skill level 1 in Conjurations
 11547 | D:8      | Found a sparkling altar of Nemelex Xobeh.
 11623 | D:8      | Reached skill level 1 in Earth Magic
 11680 | D:8      | Found an iron altar of Okawaru.
 12266 | D:8      | Offered knowledge of Ignite Poison by Vehumet.
 12738 | D:9      | Reached skill level 5 in Spellcasting
 12746 | D:9      | Noticed Joseph
 12895 | D:8      | Killed Joseph
 13141 | D:9      | Reached skill level 5 in Dodging
 13141 | D:9      | Reached XP level 11. HP: 66/66 MP: 18/18
 13400 | D:9      | Noticed Pikel
 13418 | D:9      | Killed Pikel
 13458 | D:9      | Reached **** piety under Vehumet
 13562 | D:9      | Noticed Prince Ribbit
 13573 | D:9      | Killed Prince Ribbit
 13870 | D:9      | Found Utezeimemo's Book Shop.
 13928 | D:10     | Entered Level 10 of the Dungeon
 13968 | D:10     | Noticed Psyche
 13983 | D:10     | Killed Psyche
 14013 | D:10     | Noticed Erica
 14022 | D:10     | Killed Erica
 14959 | D:11     | Noticed a cyan ugly thing
 14983 | D:11     | Killed a cyan ugly thing
 15061 | D:11     | Offered knowledge of Inner Flame by Vehumet.
 15254 | D:11     | Noticed a two-headed ogre
 15286 | D:11     | Killed a two-headed ogre
 15693 | D:11     | Found a staircase to the Lair.
 16120 | Lair:1   | Entered Level 1 of the Lair of Beasts
 16175 | D:12     | HP: 2/67 [killer bee (5)]
 16176 | D:12     | Slain by a killer bee

Skill      XL: |  1  2  3  4  5  6  7  8  9 10 11 |
---------------+----------------------------------+-----
Maces & Flails | 3 4 5 6 8 9 |  9.5
Shields        | 4 5 6 7 8 9 |  9.2
Dodging        | 1 2 3 4 5 |  5.2
Armour         | 4 5 6 |  6.7
Fighting       | 4 5 6 7 |  7.2
Spellcasting   | 2 4 5 6 |  6.3
Conjurations   | 2 4 |  4.8
Earth Magic    | 2 4 |  4.7
Poison Magic   | |  0.9
Evocations     | |  0.2

Action                   |  1- 3 |  4- 6 |  7- 9 | 10-12 || total
-------------------------+-------+-------+-------+-------++-------
Melee: Flail             |   124 |   250 |   854 |   644 ||  1872
 Cast: Sting             |       |       |       |   131 ||   131
       Stone Arrow       |       |       |       |    47 ||    47
Evoke: Wand              |       |       |       |     2 ||     2
  Use: Scroll            |     2 |       |     9 |     4 ||    15
       Potion            |       |       |       |     1 ||     1
 Stab: Distracted        |       |       |       |     1 ||     1
  Eat: Chunk             |       |     7 |    15 |    23 ||    45
       Ration            |       |       |     2 |     5 ||     7
Armor: Scale mail        |    82 |    61 |       |       ||   143
       Leather armour    |       |    46 |   376 |   285 ||   707
Dodge: Dodged            |    48 |    90 |   398 |   270 ||   806
Block: Shield            |    77 |   119 |   505 |   451 ||  1152
